 Dungeon Crawl Stone Soup version 0.14.1-1-g650416f (webtiles) character file.

1234 Kae the Basher (level 7, -4/57 HPs)
             Began as a Minotaur Fighter on May 2, 2014.
             Was a Follower of Okawaru.
             Killed from afar by Pikel (25 damage)
             ... with a wand of lightning
             ... on Level 5 of the Dungeon.
             The game lasted 00:05:29 (4939 turns).

Kae the Basher (Minotaur Fighter)                   Turns: 4939, Time: 00:05:29

HP  -4/57        AC  7     Str 20      XL: 7   Next: 90%
MP   3/3         EV  6     Int  7      God: Okawaru [*.....]
Gold 282         SH 18     Dex 10      Spells:  0 memorised,  6 levels left

rFire  . . .     SeeInvis +     a - +0,+1 flail
rCold  . . .     Clarity  .     b - +1 scale mail
rNeg   . . .     Conserve .     c - +0 shield
rPois  .         rCorr    .     (helmet restricted)
rElec  .         rRot     .     (no cloak)
SustAb . .       Spirit   .     (no gloves)
rMut   .         Warding  .     (no boots)
Saprov . . .     Stasis   .     (no amulet)
MR     .....                    (no ring)
                                v - ring of see invisible

@: not resistant to hostile enchantments, extremely unstealthy
A: retaliatory headbutt, horns 2
a: Heroism, Renounce Religion


You were on level 5 of the Dungeon.
You worshipped Okawaru.
Okawaru was aware of your devotion.
You were near starving.

You visited 2 branches of the dungeon, and saw 6 of its levels.

You collected 282 gold pieces.

Inventory:

Hand weapons
 a - a +0,+1 flail (weapon)
 e - a +5,+0 short sword of distortion
 C - a +5,-3 dagger of holy wrath
Missiles
 t - 10 tomahawks (quivered)
 z - 16 darts of flame
Armour
 b - a +1 scale mail (worn)
 c - a +0 shield (worn)
Magical devices
 w - a wand of magic darts (18)
Comestibles
 d - 4 bread rations
 o - 2 meat rations
Scrolls
 f - 5 scrolls of remove curse
 l - a scroll of fog {unknown}
 q - 2 scrolls of identify
 y - 2 scrolls of random uselessness
Jewellery
 u - the ring of the Pure Suns {Fire Hunger, unknown}
   (You found it on level 4 of the Dungeon)

   [ring of fire]

   It speeds your metabolism.
 v - a ring of see invisible (left hand)
 x - an uncursed ring of teleportation
Potions
 g - a potion of degeneration {unknown}
 h - 4 potions of curing {unknown}
 i - 3 potions of restore abilities {unknown}
 j - a potion of beneficial mutation {unknown}
 k - a potion of paralysis {unknown}
 n - a potion of confusion {unknown}
 p - a potion of magic {unknown}
 r - 2 potions of agility {unknown}
 s - a potion of poison {unknown}
 A - a potion of mutation {unknown}
 B - a potion of lignification {unknown}


   Skills:
 - Level 3.6 Fighting
 + Level 11.0 Maces & Flails
 - Level 3.6 Armour
 - Level 3.6 Shields


You had 6 spell levels left.
You didn't know any spells.

Dungeon Overview and Level Annotations

Branches:
Dungeon (5/15)             Temple (1/1) D:4

Altars:
Dithmenos
Elyvilon
Fedhas
Okawaru
Xom
Yredelemnul
Zin
The Shining One

Annotations:
D:5 Pikel


Innate Abilities, Weirdness & Mutations

You reflexively headbutt those who attack you in melee.
You have a pair of horns on your head.


Message History

You block the slave's attack.
You hit the slave but do no damage.
The slave is heavily wounded.
The slave hits you but does no damage.
You are near starving!
You sock the slave!
You kill the slave!
That felt strangely unrewarding.
Pikel zaps a wand.
The bolt of lightning hits you! Pikel hits you with a runed whip.
Pikel burns you.
You see here an animal skin.
You hit Pikel.
Pikel is lightly wounded.
You hit Pikel.
Pikel is lightly wounded.
Pikel zaps a wand.
The bolt of lightning hits you!
You hit Pikel but do no damage.
Pikel is lightly wounded.
Pikel zaps a wand.
The bolt of lightning hits you!
You die...

#### #.. #.... #..
##..@.### #..
...z...@@# +.. #.# .
#.. #@# #.# #### #.#
#.# #... #@#######.#
#... #@K@...##.#
#...
######.##.#######...
#.##.##...##...
#.##.##...##...
#.....'...'....
####.##...##.#.
#.######.... #.#
#..#. #.# #..#.


You could see Pikel and 2 slaves.

Vanquished Creatures
  Eustachio (D:5)
  A slave (D:5)
  A centaur (D:4)
  Duvessa (D:5)
  A scorpion (D:5)
  A jelly (D:5)
  Dowan (D:5)
  A crimson imp (D:5)
  An iguana (D:4)
  5 orc priests
  2 worker ants
  3 gnolls (D:3)
  9 adders
  2 giant mites (D:4)
  7 worms
  3 giant geckos
  17 orcs
  3 ball pythons
  10 bats
  2 giant cockroaches
  6 hobgoblins
  7 jackals
  5 quokkas
  4 giant newts
  9 goblins
  5 kobolds
  9 rats
  A spectral orc (D:4)
118 creatures vanquished.

Notes
Turn   | Place    | Note
--------------------------------------------------------------
     0 | D:1      | Kae, the Minotaur Fighter, began the quest for the Orb.
     0 | D:1      | Reached XP level 1. HP: 19/19 MP: 1/1
   266 | D:1      | Reached XP level 2. HP: 26/26 MP: 1/1
   690 | D:2      | Reached skill level 4 in Maces & Flails
   707 | D:2      | Reached XP level 3. HP: 21/31 MP: 2/2
   905 | D:2      | Reached skill level 5 in Maces & Flails
   965 | D:2      | Reached XP level 4. HP: 16/39 MP: 2/2
  1813 | D:3      | Reached skill level 6 in Maces & Flails
  1911 | D:3      | Reached XP level 5. HP: 39/45 MP: 2/2
  2101 | D:3      | Reached skill level 7 in Maces & Flails
  2402 | D:4      | Reached XP level 6. HP: 41/51 MP: 3/3
  2523 | D:4      | Found a staircase to the Ecumenical Temple.
  2542 | Temple   | Entered the Ecumenical Temple
  2556 | Temple   | Became a worshipper of Warmaster Okawaru
  2688 | D:4      | Reached skill level 8 in Maces & Flails
  3066 | D:4      | Noticed a centaur
  3082 | D:4      | Killed a centaur
  3082 | D:4      | Reached skill level 9 in Maces & Flails
  3186 | D:4      | Acquired Okawaru's first power
  3246 | D:4      | Found a basalt altar of Yredelemnul.
  3316 | D:4      | Got a smoking silver ring
  3498 | D:4      | Reached XP level 7. HP: 42/57 MP: 3/3
  3676 | D:5      | Entered Level 5 of the Dungeon
  3784 | D:5      | Noticed Duvessa
  3793 | D:5      | Noticed Dowan
  3799 | D:5      | Killed Duvessa
  3811 | D:5      | Killed Dowan
  4290 | D:5      | Reached skill level 10 in Maces & Flails
  4458 | D:5      | Noticed Eustachio
  4478 | D:5      | Killed Eustachio
  4893 | D:5      | Reached skill level 11 in Maces & Flails
  4921 | D:5      | Noticed Pikel
  4939 | D:5      | Killed from afar by Pikel

Action                   |  1- 3 |  4- 6 |  7- 9 || total
-------------------------+-------+-------+-------++-------
Melee: Flail             |    94 |   173 |    84 ||   351
       Dagger            |       |       |     7 ||     7
Throw: Tomahawk          |       |       |     1 ||     1
Invok: Heroism           |       |       |     1 ||     1
  Use: Scroll            |       |     7 |       ||     7
       Potion            |       |       |     1 ||     1
